AoeStats
← CL83

Arabia

503482769Analyzed
1v1 RM · 1mo ago on Aug 31, 2026· 42m 23s· 2 players
Game mode
Random Map
Map size
Tiny (2 player)
Population
200
Speed
Normal
Resources
Standard
Victory
Conquest
Starting age
Dark Age
Ending age
Imperial Age
RankedLock teamsTeams togetherTeam positionsShared explorationLock speedFull tech treeHidden civsTurbo modeCheats
Victory
Defeat
🇦🇷 Koreans · Argentina
1120
+15
🇨🇦 Poles · Canada
1108
-15
CL83
7:56 Loom
10:44 Feudal Age
11:20 Double-Bit Axe
21:08 Castle Age
20:27 Horse Collar
22:02 Forging
23:33 Scale Barding Armor
28:12 Imperial Age
27:08 Chain Barding Armor
32:03 Conscription
32:40 Bloodlines
32:31 Husbandry
32:32 Crossbowman
33:18 Thumb Ring
33:05 Fletching
34:04 Padded Archer Armor
34:49 Gold Mining
36:26 Wheelbarrow
35:29 Arbalester
36:20 Light Cavalry
39:39 Bodkin Arrow
40:00 Leather Archer Armor
41:00 Bracer
42:52 Chemistry
41:58 Siege Engineers
Therealnightmare
6:40 Loom
9:39 Feudal Age
10:33 Double-Bit Axe
17:02 Castle Age
16:09 Stone Mining
18:15 Bow Saw
18:16 Horse Collar
24:24 Wheelbarrow
23:43 Fletching
25:35 Forging
27:44 Squires
28:27 Iron Casting
32:25 Imperial Age
30:40 Hand Cart
30:37 Bodkin Arrow
30:49 Scale Mail Armor
32:30 Chain Mail Armor
33:37 Conscription
34:04 Plate Mail Armor
33:31 Gold Mining
34:20 Stone Shaft Mining
33:52 Bracer
34:46 Heavy Plow
34:51 Elite Fire Lancer
38:03 Two-Man Saw
37:48 Gambesons
38:08 Elite Skirmisher
38:54 Thumb Ring
40:14 Ballistics
40:56 Chemistry
Connection lost

Rejoining the realm…

Still unreachable

The connection could not be restored.

Session expired

The server has moved on; the page needs a fresh start.